AoeStats
← DS_Migno

MegaRandom

510468844Analyzed
2v2 RM · 14h ago on Oct 1, 2026· 106m 5s· 4 players
Game mode
Random Map
Map size
Medium (4 player)
Population
200
Speed
Normal
Resources
Standard
Victory
Conquest
Starting age
Dark Age
Ending age
Imperial Age
RankedLock teamsTeams togetherTeam positionsShared explorationLock speedFull tech treeHidden civsTurbo modeCheats
Victory
Defeat
🇦🇺 Khitans · Australia
1201
+18
🇦🇺 Poles · Australia
1159
+19
🇨🇷 Khmer · Costa Rica
1237
-19
🇨🇷 Hindustanis · Costa Rica
1234
-18
Dr Qark
11:23 Loom
14:03 Feudal Age
14:29 Double-Bit Axe
14:31 Fishing Lines
14:38 Fishing Lines
16:23 Gold Mining
18:24 Wheelbarrow
23:51 Castle Age
22:06 Bloodlines
23:07 Stone Mining
22:59 Horse Collar
23:18 Man-at-Arms
24:39 Forging
24:30 Scale Mail Armor
23:59 Long Swordsman
25:36 Stone Shaft Mining
25:23 Hand Cart
25:39 Medium Warships
25:36 Heavy Plow
28:30 Iron Casting
28:11 Chain Mail Armor
27:47 Arson
31:49 Squires
32:09 Gillnets
36:29 Bow Saw
40:28 Imperial Age
41:33 Two-Handed Swordsman
43:27 Blast Furnace
42:58 Plate Mail Armor
43:38 Heavy Warships
42:41 Champion
44:42 Crop Rotation
52:25 Pikeman
54:39 Lechitic Legacy
55:00 Scale Barding Armor
56:40 Conscription
55:51 Light Cavalry
56:32 Husbandry
57:06 Caravan
57:45 Chain Barding Armor
57:05 Winged Hussar
68:42 Onager
74:10 Szlachta Privileges
73:34 Cavalier
75:40 Demolition Ship
85:24 Chemistry
98:20 Ballistics
98:45 Bombard Tower
98:11 Arrowslits
98:21 Treadmill Crane
99:17 Fletching
100:59 Bodkin Arrow
102:31 Bracer
103:01 Masonry
Dr Allurian
13:33 Feudal Age
14:01 Fishing Lines
20:16 Castle Age
20:51 Loom
21:51 Double-Bit Axe
22:56 Squires
22:59 Husbandry
24:01 Pikeman
26:22 Loom
28:36 Scale Mail Armor
28:47 Forging
28:43 Scale Barding Armor
29:49 Arson
30:45 Gillnets
32:13 Gambesons
41:05 Wheelbarrow
45:46 Domestication
50:36 Iron Casting
51:04 Pastoralism
52:37 Chain Barding Armor
59:03 Caravan
64:34 Light Cavalry
70:03 Chain Mail Armor
69:38 Fletching
69:49 Padded Archer Armor
74:40 Hand Cart
74:41 Medium Warships
78:51 Bodkin Arrow
82:18 Imperial Age
79:35 Town Watch
81:00 Lamellar Armor
80:58 Gold Mining
81:31 Stone Mining
82:21 Hussar
82:22 Elite Steppe Lancer
83:50 Plate Barding Armor
83:16 Bracer
84:40 Ordo Cavalry
84:57 Conscription
85:22 Masonry
85:53 Bow Saw
88:26 Plate Mail Armor
88:12 Leather Archer Armor
89:47 Ballistics
90:27 Chemistry
95:32 Ring Archer Armor
96:20 Elite Liao Dao
103:19 Guilds
103:40 Coinage
104:13 Transhumance
105:31 Demolition Ship
dani9milpz
13:40 Feudal Age
11:56 Loom
14:13 Fishing Lines
16:00 Double-Bit Axe
23:56 Castle Age
21:51 Horse Collar
24:02 Wheelbarrow
26:41 Medium Warships
26:57 Heavy Plow
36:00 Hand Cart
45:19 Imperial Age
44:45 Bow Saw
45:13 Fletching
45:24 Padded Archer Armor
45:36 Caravan
47:27 Chemistry
46:48 Ballistics
47:29 Coinage
47:41 Heavy Warships
47:35 Clinker Construction
47:35 Careening
50:04 Bodkin Arrow
50:51 Elite Cannon Galleon
52:11 Conscription
51:59 Murder Holes
52:15 Masonry
55:44 Bracer
55:46 Scale Mail Armor
59:42 Banking
66:53 Cavalier
67:34 Husbandry
67:45 Bloodlines
66:55 Light Cavalry
67:58 Double Crossbow
70:13 Hussar
77:35 Elite Ballista Elephant
77:54 Elite Battle Elephant
87:53 Forging
87:58 Chain Mail Armor
87:49 Scale Barding Armor
87:59 Leather Archer Armor
99:04 Chain Barding Armor
99:20 Iron Casting
99:16 Ring Archer Armor
98:47 Gillnets
DS_Migno
9:11 Feudal Age
8:07 Loom
9:45 Double-Bit Axe
9:43 Horse Collar
10:18 Horse Collar
11:23 Town Watch
16:04 Bloodlines
20:39 Castle Age
19:44 Scale Barding Armor
19:50 Forging
21:49 Chain Barding Armor
21:22 Light Cavalry
23:47 Husbandry
29:06 Scale Mail Armor
32:16 Squires
33:26 Chain Mail Armor
36:35 Wheelbarrow
38:04 Fletching
40:31 Bodkin Arrow
45:24 Imperial Age
44:55 Caravan
46:18 Bracer
48:19 Chemistry
48:03 Padded Archer Armor
48:25 Hand Cart
49:03 Conscription
49:28 Shatagni
52:26 Ballistics
54:40 Hussar
60:39 Leather Archer Armor
62:26 Ring Archer Armor
62:23 Heavy Camel Rider
63:39 Plate Barding Armor
64:33 Imperial Camel Rider
73:18 Iron Casting
78:28 Heavy Plow
78:18 Gold Mining
78:19 Stone Mining
79:32 Blast Furnace
79:39 Bow Saw
80:06 Gold Shaft Mining
80:06 Stone Shaft Mining
94:08 Siege Engineers
94:14 Masonry
94:12 Town Patrol
93:47 Elite Ghulam
94:30 Grand Trunk Road
95:06 Hoardings
97:34 Murder Holes
104:34 Thumb Ring
103:50 Heavy Cavalry Archer
Connection lost

Rejoining the realm…

Still unreachable

The connection could not be restored.

Session expired

The server has moved on; the page needs a fresh start.